Workbook

Sheet Proposed Budget - Summary
A1: Summary Proposed Budget for Major Modification Program & Resource Template - Graduate and PhD
A2: Instructions: Fill in details on the Masters or PhD tabs
A3: Please note only incremental/new revenue and expenses in this file
A5: Faculty: | B5: ='Proposed Budget - Masters'!B5 -> 0 | G5: Comments (if needed)
A6: New Program Name : | B6: ='Proposed Budget - Masters'!B6 -> 0
A7: Type of program (select from list): | B7: ='Proposed Budget - Masters'!B7 -> Professional program | D7: (for tuition rate)
A8: Input per term/credit domestic tuition rate | C8: See details on tab | H8: Rationale for tuition rate
A9: Input per term/credit international tuition rate | C9: See details on tab | H9: Rationale for tuition rate
B11: Year 1 Forecast | C11: Year 2 Forecast | D11: Year 3 Forecast | E11: Year 4 Forecast | F11: Year 5 Forecast
A12: Insert Academic Year ==> | B12: ='Proposed Budget - Masters'!B14 -> 0 | C12: ='Proposed Budget - Masters'!C14 -> 0 | D12: ='Proposed Budget - Masters'!D14 -> 0 | E12: ='Proposed Budget - Masters'!E14 -> 0 | F12: ='Proposed Budget - Masters'!F14 -> 0
A13: ENROLLMENT (Headcount)
A14: Intake | B14: ='Proposed Budget - Masters'!B16+'Proposed Budget - PhD'!B16 -> 0 | C14: ='Proposed Budget - Masters'!C16+'Proposed Budget - PhD'!C16 -> 0 | D14: ='Proposed Budget - Masters'!D16+'Proposed Budget - PhD'!D16 -> 0 | E14: ='Proposed Budget - Masters'!E16+'Proposed Budget - PhD'!E16 -> 0 | F14: ='Proposed Budget - Masters'!F16+'Proposed Budget - PhD'!F16 -> 0
A15: Returning Students Year 2 | B15: ='Proposed Budget - Masters'!B17+'Proposed Budget - PhD'!B17 -> 0 | C15: ='Proposed Budget - Masters'!C17+'Proposed Budget - PhD'!C17 -> 0 | D15: ='Proposed Budget - Masters'!D17+'Proposed Budget - PhD'!D17 -> 0 | E15: ='Proposed Budget - Masters'!E17+'Proposed Budget - PhD'!E17 -> 0 | F15: ='Proposed Budget - Masters'!F17+'Proposed Budget - PhD'!F17 -> 0
A16: Returning Students Year 3 | B16: ='Proposed Budget - Masters'!B18+'Proposed Budget - PhD'!B18 -> 0 | C16: ='Proposed Budget - Masters'!C18+'Proposed Budget - PhD'!C18 -> 0 | D16: ='Proposed Budget - Masters'!D18+'Proposed Budget - PhD'!D18 -> 0 | E16: ='Proposed Budget - Masters'!E18+'Proposed Budget - PhD'!E18 -> 0 | F16: ='Proposed Budget - Masters'!F18+'Proposed Budget - PhD'!F18 -> 0
A17: Returning Students Year 4 | B17: ='Proposed Budget - Masters'!B19+'Proposed Budget - PhD'!B19 -> 0 | C17: ='Proposed Budget - Masters'!C19+'Proposed Budget - PhD'!C19 -> 0 | D17: ='Proposed Budget - Masters'!D19+'Proposed Budget - PhD'!D19 -> 0 | E17: ='Proposed Budget - Masters'!E19+'Proposed Budget - PhD'!E19 -> 0 | F17: ='Proposed Budget - Masters'!F19+'Proposed Budget - PhD'!F19 -> 0
A18: Returning Students Year 5 | B18: ='Proposed Budget - Masters'!B20+'Proposed Budget - PhD'!B20 -> 0 | C18: ='Proposed Budget - Masters'!C20+'Proposed Budget - PhD'!C20 -> 0 | D18: ='Proposed Budget - Masters'!D20+'Proposed Budget - PhD'!D20 -> 0 | E18: ='Proposed Budget - Masters'!E20+'Proposed Budget - PhD'!E20 -> 0 | F18: ='Proposed Budget - Masters'!F20+'Proposed Budget - PhD'!F20 -> 0
A19: Total Enrollment | B19: =SUM(B14:B18) -> 0 | C19: =SUM(,C14:C18) -> 0 | D19: =SUM(,D14:D18) -> 0 | E19: =SUM(,E14:E18) -> 0 | F19: =SUM(,F14:F18) -> 0
A21: # of terms/credit taken per student
A22: Intake | B22: ='Proposed Budget - Masters'!B32+'Proposed Budget - PhD'!B32 -> 0 | C22: ='Proposed Budget - Masters'!C32+'Proposed Budget - PhD'!C32 -> 0 | D22: ='Proposed Budget - Masters'!D32+'Proposed Budget - PhD'!D32 -> 0 | E22: ='Proposed Budget - Masters'!E32+'Proposed Budget - PhD'!E32 -> 0 | F22: ='Proposed Budget - Masters'!F32+'Proposed Budget - PhD'!F32 -> 0
A23: Returning Students Year 2 | B23: ='Proposed Budget - Masters'!B33+'Proposed Budget - PhD'!B33 -> 0 | C23: ='Proposed Budget - Masters'!C33+'Proposed Budget - PhD'!C33 -> 0 | D23: ='Proposed Budget - Masters'!D33+'Proposed Budget - PhD'!D33 -> 0 | E23: ='Proposed Budget - Masters'!E33+'Proposed Budget - PhD'!E33 -> 0 | F23: ='Proposed Budget - Masters'!F33+'Proposed Budget - PhD'!F33 -> 0
A24: Returning Students Year 3 | B24: ='Proposed Budget - Masters'!B34+'Proposed Budget - PhD'!B34 -> 0 | C24: ='Proposed Budget - Masters'!C34+'Proposed Budget - PhD'!C34 -> 0 | D24: ='Proposed Budget - Masters'!D34+'Proposed Budget - PhD'!D34 -> 0 | E24: ='Proposed Budget - Masters'!E34+'Proposed Budget - PhD'!E34 -> 0 | F24: ='Proposed Budget - Masters'!F34+'Proposed Budget - PhD'!F34 -> 0
A25: Returning Students Year 4 | B25: ='Proposed Budget - Masters'!B35+'Proposed Budget - PhD'!B35 -> 0 | C25: ='Proposed Budget - Masters'!C35+'Proposed Budget - PhD'!C35 -> 0 | D25: ='Proposed Budget - Masters'!D35+'Proposed Budget - PhD'!D35 -> 0 | E25: ='Proposed Budget - Masters'!E35+'Proposed Budget - PhD'!E35 -> 0 | F25: ='Proposed Budget - Masters'!F35+'Proposed Budget - PhD'!F35 -> 0
A26: Returning Students Year 5 | B26: ='Proposed Budget - Masters'!B36+'Proposed Budget - PhD'!B36 -> 0 | C26: ='Proposed Budget - Masters'!C36+'Proposed Budget - PhD'!C36 -> 0 | D26: ='Proposed Budget - Masters'!D36+'Proposed Budget - PhD'!D36 -> 0 | E26: ='Proposed Budget - Masters'!E36+'Proposed Budget - PhD'!E36 -> 0 | F26: ='Proposed Budget - Masters'!F36+'Proposed Budget - PhD'!F36 -> 0
A29: REVENUE
A30: Domestic
A31: Tuition | B31: ='Proposed Budget - Masters'!B41+'Proposed Budget - PhD'!B41 -> 0 | C31: ='Proposed Budget - Masters'!C41+'Proposed Budget - PhD'!C41 -> 0 | D31: ='Proposed Budget - Masters'!D41+'Proposed Budget - PhD'!D41 -> 0 | E31: ='Proposed Budget - Masters'!E41+'Proposed Budget - PhD'!E41 -> 0 | F31: ='Proposed Budget - Masters'!F41+'Proposed Budget - PhD'!F41 -> 0
A32: Ancillary Fees | B32: ='Proposed Budget - Masters'!B42+'Proposed Budget - PhD'!B42 -> 0 | C32: ='Proposed Budget - Masters'!C42+'Proposed Budget - PhD'!C42 -> 0 | D32: ='Proposed Budget - Masters'!D42+'Proposed Budget - PhD'!D42 -> 0 | E32: ='Proposed Budget - Masters'!E42+'Proposed Budget - PhD'!E42 -> 0 | F32: ='Proposed Budget - Masters'!F42+'Proposed Budget - PhD'!F42 -> 0
A33: Total Domestic tuition | B33: =SUM(B31:B32) -> 0 | C33: =SUM(C31:C32) -> 0 | D33: =SUM(D31:D32) -> 0 | E33: =SUM(E31:E32) -> 0 | F33: =SUM(F31:F32) -> 0
A35: International
A36: Tuition | B36: ='Proposed Budget - Masters'!B46+'Proposed Budget - PhD'!B46 -> 0 | C36: ='Proposed Budget - Masters'!C46+'Proposed Budget - PhD'!C46 -> 0 | D36: ='Proposed Budget - Masters'!D46+'Proposed Budget - PhD'!D46 -> 0 | E36: ='Proposed Budget - Masters'!E46+'Proposed Budget - PhD'!E46 -> 0 | F36: ='Proposed Budget - Masters'!F46+'Proposed Budget - PhD'!F46 -> 0
A37: Ancillary Fees | B37: ='Proposed Budget - Masters'!B47+'Proposed Budget - PhD'!B47 -> 0 | C37: ='Proposed Budget - Masters'!C47+'Proposed Budget - PhD'!C47 -> 0 | D37: ='Proposed Budget - Masters'!D47+'Proposed Budget - PhD'!D47 -> 0 | E37: ='Proposed Budget - Masters'!E47+'Proposed Budget - PhD'!E47 -> 0 | F37: ='Proposed Budget - Masters'!F47+'Proposed Budget - PhD'!F47 -> 0
A38: Total International tuition | B38: =SUM(B36:B37) -> 0 | C38: =SUM(C36:C37) -> 0 | D38: =SUM(D36:D37) -> 0 | E38: =SUM(E36:E37) -> 0 | F38: =SUM(F36:F37) -> 0
A40: Revenue
A41: Tuition Revenue | B41: =B31+B36 -> 0 | C41: =C31+C36 -> 0 | D41: =D31+D36 -> 0 | E41: =E31+E36 -> 0 | F41: =F31+F36 -> 0
A42: Ancillary Revenue | B42: =B32+B37 -> 0 | C42: =C32+C37 -> 0 | D42: =D32+D37 -> 0 | E42: =E32+E37 -> 0 | F42: =F32+F37 -> 0
A43: Co-op Revenue | B43: ='Proposed Budget - Masters'!B55+'Proposed Budget - PhD'!B55 -> 0 | C43: ='Proposed Budget - Masters'!C55+'Proposed Budget - PhD'!C55 -> 0 | D43: ='Proposed Budget - Masters'!D55+'Proposed Budget - PhD'!D55 -> 0 | E43: ='Proposed Budget - Masters'!E55+'Proposed Budget - PhD'!E55 -> 0 | F43: ='Proposed Budget - Masters'!F55+'Proposed Budget - PhD'!F55 -> 0
A44: Special Purpose Funding (if applicable) | B44: ='Proposed Budget - Masters'!B56+'Proposed Budget - PhD'!B56 -> 0 | C44: ='Proposed Budget - Masters'!C56+'Proposed Budget - PhD'!C56 -> 0 | D44: ='Proposed Budget - Masters'!D56+'Proposed Budget - PhD'!D56 -> 0 | E44: ='Proposed Budget - Masters'!E56+'Proposed Budget - PhD'!E56 -> 0 | F44: ='Proposed Budget - Masters'!F56+'Proposed Budget - PhD'!F56 -> 0
A45: TOTAL REVENUE | B45: =SUM(B41:B44) -> 0 | C45: =SUM(C41:C44) -> 0 | D45: =SUM(D41:D44) -> 0 | E45: =SUM(E41:E44) -> 0 | F45: =SUM(F41:F44) -> 0
A47: PERSONNEL
A48: New Faculty Positions
A49: New Faculty Positions (Number) | B49: ='Proposed Budget - Masters'!B61+'Proposed Budget - PhD'!B61 -> 0 | C49: ='Proposed Budget - Masters'!C61+'Proposed Budget - PhD'!C61 -> 0 | D49: ='Proposed Budget - Masters'!D61+'Proposed Budget - PhD'!D61 -> 0 | E49: ='Proposed Budget - Masters'!E61+'Proposed Budget - PhD'!E61 -> 0 | F49: ='Proposed Budget - Masters'!F61+'Proposed Budget - PhD'!F61 -> 0
A50: Base Salary per Faculty | B50: ='Proposed Budget - Masters'!B62+'Proposed Budget - PhD'!B62 -> 0 | C50: ='Proposed Budget - Masters'!C62+'Proposed Budget - PhD'!C62 -> 0 | D50: ='Proposed Budget - Masters'!D62+'Proposed Budget - PhD'!D62 -> 0 | E50: ='Proposed Budget - Masters'!E62+'Proposed Budget - PhD'!E62 -> 0 | F50: ='Proposed Budget - Masters'!F62+'Proposed Budget - PhD'!F62 -> 0
A51: Continuing Faculty | C51: =(B49*B50)*1.035 -> 0 | D51: =(C51+(C49*C50))*1.035 -> 0 | E51: =(D51+(D49*D50))*1.035 -> 0 | F51: =(E51+(E49*E50))*1.035 -> 0
A52: Total Salary | B52: =B49*B50 -> 0 | C52: =(C49*C50)+C51 -> 0 | D52: =(D49*D50)+D51 -> 0 | E52: =(E49*E50)+E51 -> 0 | F52: =(F49*F50)+F51 -> 0
A53: Benefits | B53: =B52*'Cost Drivers'!$B$15 -> 0 | C53: =C52*'Cost Drivers'!$B$15 -> 0 | D53: =D52*'Cost Drivers'!$B$15 -> 0 | E53: =E52*'Cost Drivers'!$B$15 -> 0 | F53: =F52*'Cost Drivers'!$B$15 -> 0
A54: Total New faculty cost | B54: =B52+B53 -> 0 | C54: =C52+C53 -> 0 | D54: =D52+D53 -> 0 | E54: =E52+E53 -> 0 | F54: =F52+F53 -> 0
A55: New Ongoing Staff positions
A56: New Ongoing OSSTF staff | B56: OSSTF | C56: OSSTF | D56: OSSTF | E56: OSSTF | F56: OSSTF
A57: New Staff Positions (Number) | B57: ='Proposed Budget - Masters'!B69+'Proposed Budget - PhD'!B69 -> 0 | C57: ='Proposed Budget - Masters'!C69+'Proposed Budget - PhD'!C69 -> 0 | D57: ='Proposed Budget - Masters'!D69+'Proposed Budget - PhD'!D69 -> 0 | E57: ='Proposed Budget - Masters'!E69+'Proposed Budget - PhD'!E69 -> 0 | F57: ='Proposed Budget - Masters'!F69+'Proposed Budget - PhD'!F69 -> 0
A58: Salary of new staff position | B58: ='Proposed Budget - Masters'!B70+'Proposed Budget - PhD'!B70 -> 0 | C58: ='Proposed Budget - Masters'!C70+'Proposed Budget - PhD'!C70 -> 0 | D58: ='Proposed Budget - Masters'!D70+'Proposed Budget - PhD'!D70 -> 0 | E58: ='Proposed Budget - Masters'!E70+'Proposed Budget - PhD'!E70 -> 0 | F58: ='Proposed Budget - Masters'!F70+'Proposed Budget - PhD'!F70 -> 0
A59: Continuing Staff | C59: =(B57*B58)*1.029 -> 0 | D59: =(C59+(C57*C58))*1.029 -> 0 | E59: =(D59+(D57*D58))*1.029 -> 0 | F59: =(E59+(E57*E58))*1.029 -> 0
A60: Total Salary | B60: =B57*B58 -> 0 | C60: =(C57*C58)+C59 -> 0 | D60: =(D57*D58)+D59 -> 0 | E60: =(E57*E58)+E59 -> 0 | F60: =(F57*F58)+F59 -> 0
A61: Benefits | B61: =IF(B$56="OSSTF",(B60*'Cost Drivers'!$B$17),(B60*'Cost Drivers'!$B$16)) -> 0 | C61: =IF(C$56="OSSTF",(C60*'Cost Drivers'!$B$17),(C60*'Cost Drivers'!$B$16)) -> 0 | D61: =IF(D$56="OSSTF",(D60*'Cost Drivers'!$B$17),(D60*'Cost Drivers'!$B$16)) -> 0 | E61: =IF(E$56="OSSTF",(E60*'Cost Drivers'!$B$17),(E60*'Cost Drivers'!$B$16)) -> 0 | F61: =IF(F$56="OSSTF",(F60*'Cost Drivers'!$B$17),(F60*'Cost Drivers'!$B$16)) -> 0
A62: Total New OSSTF Staff cost | B62: =B60+B61 -> 0 | C62: =C60+C61 -> 0 | D62: =D60+D61 -> 0 | E62: =E60+E61 -> 0 | F62: =F60+F61 -> 0
A63: New Ongoing Other staff
A64: New Staff Positions (Number) | B64: ='Proposed Budget - Masters'!B76+'Proposed Budget - PhD'!B76 -> 0 | C64: ='Proposed Budget - Masters'!C76+'Proposed Budget - PhD'!C76 -> 0 | D64: ='Proposed Budget - Masters'!D76+'Proposed Budget - PhD'!D76 -> 0 | E64: ='Proposed Budget - Masters'!E76+'Proposed Budget - PhD'!E76 -> 0 | F64: ='Proposed Budget - Masters'!F76+'Proposed Budget - PhD'!F76 -> 0
A65: Salary of new staff position | B65: ='Proposed Budget - Masters'!B77+'Proposed Budget - PhD'!B77 -> 0 | C65: ='Proposed Budget - Masters'!C77+'Proposed Budget - PhD'!C77 -> 0 | D65: ='Proposed Budget - Masters'!D77+'Proposed Budget - PhD'!D77 -> 0 | E65: ='Proposed Budget - Masters'!E77+'Proposed Budget - PhD'!E77 -> 0 | F65: ='Proposed Budget - Masters'!F77+'Proposed Budget - PhD'!F77 -> 0
A66: Continuing Staff | C66: =(B64*B65)*1.01 -> 0 | D66: =(C66+(C64*C65))*1.01 -> 0 | E66: =(D66+(D64*D65))*1.01 -> 0 | F66: =(E66+(E64*E65))*1.01 -> 0
A67: Total Salary | B67: =B64*B65 -> 0 | C67: =(C64*C65)+C66 -> 0 | D67: =(D64*D65)+D66 -> 0 | E67: =(E64*E65)+E66 -> 0 | F67: =(F64*F65)+F66 -> 0
A68: Benefits | B68: =B67*'Cost Drivers'!$B$16 -> 0 | C68: =C67*'Cost Drivers'!$B$16 -> 0 | D68: =D67*'Cost Drivers'!$B$16 -> 0 | E68: =E67*'Cost Drivers'!$B$16 -> 0 | F68: =F67*'Cost Drivers'!$B$16 -> 0
A69: Total New Other Staff cost | B69: =B67+B68 -> 0 | C69: =C67+C68 -> 0 | D69: =D67+D68 -> 0 | E69: =E67+E68 -> 0 | F69: =F67+F68 -> 0
A70: Part-time Teaching costs
A71: # BUFA overload contracts (per credit) | B71: ='Proposed Budget - Masters'!B83+'Proposed Budget - PhD'!B83 -> 0 | C71: ='Proposed Budget - Masters'!C83+'Proposed Budget - PhD'!C83 -> 0 | D71: ='Proposed Budget - Masters'!D83+'Proposed Budget - PhD'!D83 -> 0 | E71: ='Proposed Budget - Masters'!E83+'Proposed Budget - PhD'!E83 -> 0 | F71: ='Proposed Budget - Masters'!F83+'Proposed Budget - PhD'!F83 -> 0
A72: BUFA Overlod salary | B72: =B71*'Cost Drivers'!B$23 -> 0 | C72: =C71*'Cost Drivers'!C$23 -> 0 | D72: =D71*'Cost Drivers'!D$23 -> 0 | E72: =E71*'Cost Drivers'!E$23 -> 0 | F72: =F71*'Cost Drivers'!F$23 -> 0
A73: # of Non-union instructors (per credit) | B73: ='Proposed Budget - Masters'!B85+'Proposed Budget - PhD'!B85 -> 0 | C73: ='Proposed Budget - Masters'!C85+'Proposed Budget - PhD'!C85 -> 0 | D73: ='Proposed Budget - Masters'!D85+'Proposed Budget - PhD'!D85 -> 0 | E73: ='Proposed Budget - Masters'!E85+'Proposed Budget - PhD'!E85 -> 0 | F73: ='Proposed Budget - Masters'!F85+'Proposed Budget - PhD'!F85 -> 0
A74: Non-union Instructor salary | B74: =B73*'Cost Drivers'!B$24 -> 0 | C74: =C73*'Cost Drivers'!C$24 -> 0 | D74: =D73*'Cost Drivers'!D$24 -> 0 | E74: =E73*'Cost Drivers'!E$24 -> 0 | F74: =F73*'Cost Drivers'!F$24 -> 0
A75: # of CUPE 4207 Unit 1 Instructors (per credit) | B75: ='Proposed Budget - Masters'!B87+'Proposed Budget - PhD'!B87 -> 0 | C75: ='Proposed Budget - Masters'!C87+'Proposed Budget - PhD'!C87 -> 0 | D75: ='Proposed Budget - Masters'!D87+'Proposed Budget - PhD'!D87 -> 0 | E75: ='Proposed Budget - Masters'!E87+'Proposed Budget - PhD'!E87 -> 0 | F75: ='Proposed Budget - Masters'!F87+'Proposed Budget - PhD'!F87 -> 0
A76: CUPE 4207 Unit 1 Instructor salary | B76: =B75*'Cost Drivers'!B$25 -> 0 | C76: =C75*'Cost Drivers'!C$25 -> 0 | D76: =D75*'Cost Drivers'!D$25 -> 0 | E76: =E75*'Cost Drivers'!E$25 -> 0 | F76: =F75*'Cost Drivers'!F$25 -> 0
A77: # of CUPE 4207 Unit 1 TAs (per credit) | B77: ='Proposed Budget - Masters'!B89+'Proposed Budget - PhD'!B89 -> 0 | C77: ='Proposed Budget - Masters'!C89+'Proposed Budget - PhD'!C89 -> 0 | D77: ='Proposed Budget - Masters'!D89+'Proposed Budget - PhD'!D89 -> 0 | E77: ='Proposed Budget - Masters'!E89+'Proposed Budget - PhD'!E89 -> 0 | F77: ='Proposed Budget - Masters'!F89+'Proposed Budget - PhD'!F89 -> 0
A78: CUPE 4207 Unit 1 TAs salary | B78: =B77*'Cost Drivers'!B$26 -> 0 | C78: =C77*'Cost Drivers'!C$26 -> 0 | D78: =D77*'Cost Drivers'!D$26 -> 0 | E78: =E77*'Cost Drivers'!E$26 -> 0 | F78: =F77*'Cost Drivers'!F$26 -> 0
A79: # of CUPE 4207 Unit 1 M/Gs hours | B79: ='Proposed Budget - Masters'!B91+'Proposed Budget - PhD'!B91 -> 0 | C79: ='Proposed Budget - Masters'!C91+'Proposed Budget - PhD'!C91 -> 0 | D79: ='Proposed Budget - Masters'!D91+'Proposed Budget - PhD'!D91 -> 0 | E79: ='Proposed Budget - Masters'!E91+'Proposed Budget - PhD'!E91 -> 0 | F79: ='Proposed Budget - Masters'!F91+'Proposed Budget - PhD'!F91 -> 0
A80: CUPE 4207 Unit 1 M/Gs salary | B80: =B79*'Cost Drivers'!B27 -> 0 | C80: =C79*'Cost Drivers'!C27 -> 0 | D80: =D79*'Cost Drivers'!D27 -> 0 | E80: =E79*'Cost Drivers'!E27 -> 0 | F80: =F79*'Cost Drivers'!F27 -> 0
A81: Total Part-time teaching salaries | B81: =B72+B74+B76+B78+B80 -> 0 | C81: =C72+C74+C76+C78+C80 -> 0 | D81: =D72+D74+D76+D78+D80 -> 0 | E81: =E72+E74+E76+E78+E80 -> 0 | F81: =F72+F74+F76+F78+F80 -> 0
A82: Benefits | B82: =(B74*'Cost Drivers'!$B$19)+(('Proposed Budget - Summary'!B76+'Proposed Budget - Summary'!B78+'Proposed Budget - Summary'!B80)*'Cost Drivers'!$B$18) -> 0 | C82: =(C74*'Cost Drivers'!$B$19)+(('Proposed Budget - Summary'!C76+'Proposed Budget - Summary'!C78+'Proposed Budget - Summary'!C80)*'Cost Drivers'!$B$18) -> 0 | D82: =(D74*'Cost Drivers'!$B$19)+(('Proposed Budget - Summary'!D76+'Proposed Budget - Summary'!D78+'Proposed Budget - Summary'!D80)*'Cost Drivers'!$B$18) -> 0 | E82: =(E74*'Cost Drivers'!$B$19)+(('Proposed Budget - Summary'!E76+'Proposed Budget - Summary'!E78+'Proposed Budget - Summary'!E80)*'Cost Drivers'!$B$18) -> 0 | F82: =(F74*'Cost Drivers'!$B$19)+(('Proposed Budget - Summary'!F76+'Proposed Budget - Summary'!F78+'Proposed Budget - Summary'!F80)*'Cost Drivers'!$B$18) -> 0
A83: Total Part-Time Teaching costs | B83: =B81+B82 -> 0 | C83: =C81+C82 -> 0 | D83: =D81+D82 -> 0 | E83: =E81+E82 -> 0 | F83: =F81+F82 -> 0
A85: TOTAL PERSONNEL COSTS | B85: =B54+B62+B69+B83 -> 0 | C85: =C54+C62+C69+C83 -> 0 | D85: =D54+D62+D69+D83 -> 0 | E85: =E54+E62+E69+E83 -> 0 | F85: =F54+F62+F69+F83 -> 0
A87: OPERATING COSTS
A88: Direct program costs
A89: Equipment (new and replacement) | B89: ='Proposed Budget - Masters'!B101+'Proposed Budget - PhD'!B101 -> 0 | C89: ='Proposed Budget - Masters'!C101+'Proposed Budget - PhD'!C101 -> 0 | D89: ='Proposed Budget - Masters'!D101+'Proposed Budget - PhD'!D101 -> 0 | E89: ='Proposed Budget - Masters'!E101+'Proposed Budget - PhD'!E101 -> 0 | F89: ='Proposed Budget - Masters'!F101+'Proposed Budget - PhD'!F101 -> 0
A90: Marketing/Adversiting | B90: ='Proposed Budget - Masters'!B102+'Proposed Budget - PhD'!B102 -> 0 | C90: ='Proposed Budget - Masters'!C102+'Proposed Budget - PhD'!C102 -> 0 | D90: ='Proposed Budget - Masters'!D102+'Proposed Budget - PhD'!D102 -> 0 | E90: ='Proposed Budget - Masters'!E102+'Proposed Budget - PhD'!E102 -> 0 | F90: ='Proposed Budget - Masters'!F102+'Proposed Budget - PhD'!F102 -> 0
A91: Scholarships and Bursaries | B91: ='Proposed Budget - Masters'!B103+'Proposed Budget - PhD'!B103 -> 0 | C91: ='Proposed Budget - Masters'!C103+'Proposed Budget - PhD'!C103 -> 0 | D91: ='Proposed Budget - Masters'!D103+'Proposed Budget - PhD'!D103 -> 0 | E91: ='Proposed Budget - Masters'!E103+'Proposed Budget - PhD'!E103 -> 0 | F91: ='Proposed Budget - Masters'!F103+'Proposed Budget - PhD'!F103 -> 0
A92: Materials & Supplies | B92: ='Proposed Budget - Masters'!B104+'Proposed Budget - PhD'!B104 -> 0 | C92: ='Proposed Budget - Masters'!C104+'Proposed Budget - PhD'!C104 -> 0 | D92: ='Proposed Budget - Masters'!D104+'Proposed Budget - PhD'!D104 -> 0 | E92: ='Proposed Budget - Masters'!E104+'Proposed Budget - PhD'!E104 -> 0 | F92: ='Proposed Budget - Masters'!F104+'Proposed Budget - PhD'!F104 -> 0
A93: Other operating costs | B93: ='Proposed Budget - Masters'!B105+'Proposed Budget - PhD'!B105 -> 0 | C93: ='Proposed Budget - Masters'!C105+'Proposed Budget - PhD'!C105 -> 0 | D93: ='Proposed Budget - Masters'!D105+'Proposed Budget - PhD'!D105 -> 0 | E93: ='Proposed Budget - Masters'!E105+'Proposed Budget - PhD'!E105 -> 0 | F93: ='Proposed Budget - Masters'!F105+'Proposed Budget - PhD'!F105 -> 0
A94: PER funding | B94: ='Proposed Budget - Masters'!B106+'Proposed Budget - PhD'!B106 -> 0 | C94: ='Proposed Budget - Masters'!C106+'Proposed Budget - PhD'!C106 -> 0 | D94: ='Proposed Budget - Masters'!D106+'Proposed Budget - PhD'!D106 -> 0 | E94: ='Proposed Budget - Masters'!E106+'Proposed Budget - PhD'!E106 -> 0 | F94: ='Proposed Budget - Masters'!F106+'Proposed Budget - PhD'!F106 -> 0
A95: Start-up Costs | B95: ='Proposed Budget - Masters'!B107+'Proposed Budget - PhD'!B107 -> 0 | C95: ='Proposed Budget - Masters'!C107+'Proposed Budget - PhD'!C107 -> 0 | D95: ='Proposed Budget - Masters'!D107+'Proposed Budget - PhD'!D107 -> 0 | E95: ='Proposed Budget - Masters'!E107+'Proposed Budget - PhD'!E107 -> 0 | F95: ='Proposed Budget - Masters'!F107+'Proposed Budget - PhD'!F107 -> 0
A96: Total Direct program costs | B96: =SUM(B89:B95) -> 0 | C96: =SUM(C89:C95) -> 0 | D96: =SUM(D89:D95) -> 0 | E96: =SUM(E89:E95) -> 0 | F96: =SUM(F89:F95) -> 0
A97: Direct Incremental costs
A98: Incremental Co-op Costs | B98: ='Proposed Budget - Masters'!B110+'Proposed Budget - PhD'!B110 -> 0 | C98: ='Proposed Budget - Masters'!C110+'Proposed Budget - PhD'!C110 -> 0 | D98: ='Proposed Budget - Masters'!D110+'Proposed Budget - PhD'!D110 -> 0 | E98: ='Proposed Budget - Masters'!E110+'Proposed Budget - PhD'!E110 -> 0 | F98: ='Proposed Budget - Masters'!F110+'Proposed Budget - PhD'!F110 -> 0 | H98: Rationale needs to be provided here if amounts are input
A99: Incremental Library Costs | B99: ='Proposed Budget - Masters'!B111+'Proposed Budget - PhD'!B111 -> 0 | C99: ='Proposed Budget - Masters'!C111+'Proposed Budget - PhD'!C111 -> 0 | D99: ='Proposed Budget - Masters'!D111+'Proposed Budget - PhD'!D111 -> 0 | E99: ='Proposed Budget - Masters'!E111+'Proposed Budget - PhD'!E111 -> 0 | F99: ='Proposed Budget - Masters'!F111+'Proposed Budget - PhD'!F111 -> 0 | H99: Rationale needs to be provided here if amounts are input
A100: Incremental Fellowship costs domestic- Research programs | B100: ='Proposed Budget - Masters'!B112+'Proposed Budget - PhD'!B112 -> 0 | C100: ='Proposed Budget - Masters'!C112+'Proposed Budget - PhD'!C112 -> 0 | D100: ='Proposed Budget - Masters'!D112+'Proposed Budget - PhD'!D112 -> 0 | E100: ='Proposed Budget - Masters'!E112+'Proposed Budget - PhD'!E112 -> 0 | F100: ='Proposed Budget - Masters'!F112+'Proposed Budget - PhD'!F112 -> 0
A101: Incremental Fellowship costs int'l- Research programs | B101: ='Proposed Budget - Masters'!B113+'Proposed Budget - PhD'!B113 -> 0 | C101: ='Proposed Budget - Masters'!C113+'Proposed Budget - PhD'!C113 -> 0 | D101: ='Proposed Budget - Masters'!D113+'Proposed Budget - PhD'!D113 -> 0 | E101: ='Proposed Budget - Masters'!E113+'Proposed Budget - PhD'!E113 -> 0 | F101: ='Proposed Budget - Masters'!F113+'Proposed Budget - PhD'!F113 -> 0
A102: Other Scholarships | B102: ='Proposed Budget - Masters'!B114+'Proposed Budget - PhD'!B114 -> 0 | C102: ='Proposed Budget - Masters'!C114+'Proposed Budget - PhD'!C114 -> 0 | D102: ='Proposed Budget - Masters'!D114+'Proposed Budget - PhD'!D114 -> 0 | E102: ='Proposed Budget - Masters'!E114+'Proposed Budget - PhD'!E114 -> 0 | F102: ='Proposed Budget - Masters'!F114+'Proposed Budget - PhD'!F114 -> 0 | H102: Rationale needs to be provided here if amounts are input
B103: ='Proposed Budget - Masters'!B115+'Proposed Budget - PhD'!B115 -> 0 | C103: ='Proposed Budget - Masters'!C115+'Proposed Budget - PhD'!C115 -> 0 | D103: ='Proposed Budget - Masters'!D115+'Proposed Budget - PhD'!D115 -> 0 | E103: ='Proposed Budget - Masters'!E115+'Proposed Budget - PhD'!E115 -> 0 | F103: ='Proposed Budget - Masters'!F115+'Proposed Budget - PhD'!F115 -> 0
A104: University Overhead - student specific (10% of revenue) | B104: ='Proposed Budget - Masters'!B116+'Proposed Budget - PhD'!B116 -> 0 | C104: ='Proposed Budget - Masters'!C116+'Proposed Budget - PhD'!C116 -> 0 | D104: ='Proposed Budget - Masters'!D116+'Proposed Budget - PhD'!D116 -> 0 | E104: ='Proposed Budget - Masters'!E116+'Proposed Budget - PhD'!E116 -> 0 | F104: ='Proposed Budget - Masters'!F116+'Proposed Budget - PhD'!F116 -> 0
A105: University Overhead - other (14% of revenue) | B105: ='Proposed Budget - Masters'!B117+'Proposed Budget - PhD'!B117 -> 0 | C105: ='Proposed Budget - Masters'!C117+'Proposed Budget - PhD'!C117 -> 0 | D105: ='Proposed Budget - Masters'!D117+'Proposed Budget - PhD'!D117 -> 0 | E105: ='Proposed Budget - Masters'!E117+'Proposed Budget - PhD'!E117 -> 0 | F105: ='Proposed Budget - Masters'!F117+'Proposed Budget - PhD'!F117 -> 0
A106: TOTAL OPERATING COSTS | B106: =B96+B98+B99+B100+B103+B101+B102+B104+B105 -> 0 | C106: =C96+C98+C99+C100+C103+C101+C102+C104+C105 -> 0 | D106: =D96+D98+D99+D100+D103+D101+D102+D104+D105 -> 0 | E106: =E96+E98+E99+E100+E103+E101+E102+E104+E105 -> 0 | F106: =F96+F98+F99+F100+F103+F101+F102+F104+F105 -> 0
A108: NET SURPLUS/DEFICIT | B108: =B45-B85-B106 -> 0 | C108: =C45-C85-C106 -> 0 | D108: =D45-D85-D106 -> 0 | E108: =E45-E85-E106 -> 0 | F108: =F45-F85-F106 -> 0
A112: Does this require new space for Capital? | C112: If yes - need a business case for Capital
A113: Space needs (net new space)
A114: # Offices
...

Sheet Proposed Budget - Masters
A1: Proposed Budget for Major Modifications Program & Resource Template - Graduate Masters
A2: Instructions: Inputs to be made in the blue highlighted cells
A3: Please noted only incremental/new revenue and expenses in this file
A5: Faculty: | G5: Comments (if needed)
A6: Major Modification Program:
A7: Type of program (select from list): | B7: Professional program | D7: (for tuition rate)
A8: Input per term/credit domestic tuition rate | H8: Rationale for tuition rate
A9: Input per term/credit international tuition rate | C9: =B9*1.05 -> 0 | D9: =C9*1.05 -> 0 | E9: =D9*1.05 -> 0 | F9: =E9*1.05 -> 0 | G9: If a professional program a 5% tuition increase will be assumed | H9: Rationale for tuition rate
A10: Co-op Program:
A11: Co-op, if yes % of students in program:
B13: Year 1 Forecast | C13: Year 2 Forecast | D13: Year 3 Forecast | E13: Year 4 Forecast | F13: Year 5 Forecast
A14: Insert Academic Year ==>
A15: ENROLLMENT DOMESTIC (Headcount)
A16: Intake
A17: Returning Students Year 2
A18: Returning Students Year 3
A19: Returning Students Year 4
A20: Returning Students Year 5
A21: Total Enrollment | B21: =SUM(B16:B20) -> 0 | C21: =SUM(,C16:C20) -> 0 | D21: =SUM(,D16:D20) -> 0 | E21: =SUM(,E16:E20) -> 0 | F21: =SUM(,F16:F20) -> 0
A23: ENROLLMENT INTERNATIONAL (Headcount)
A24: Intake
A25: Returning Students Year 2
A26: Returning Students Year 3
A27: Returning Students Year 4
A28: Returning Students Year 5
A29: Total Enrollment | B29: =SUM(B24:B28) -> 0 | C29: =SUM(,C24:C28) -> 0 | D29: =SUM(,D24:D28) -> 0 | E29: =SUM(,E24:E28) -> 0 | F29: =SUM(,F24:F28) -> 0
A31: # of terms/credit taken per student
A32: Intake
A33: Returning Students Year 2
A34: Returning Students Year 3
A35: Returning Students Year 4
A36: Returning Students Year 5
A39: REVENUE
A40: Domestic
A41: Tuition | B41: =(B32*B21*$B$8) -> 0 | C41: =((B8*C16*C32)+(B8*C17*C33)) -> 0 | D41: =((B8*D16*D32)+(B8*D17*D33)+(B8*D18*D34)) -> 0 | E41: =((E16*B8*E32)+(B8*E17*E33)+(B8*E18*E34)) -> 0 | F41: =((B8*F16*F32)+(B8*F17*F33)+(B8*F18*F34)) -> 0
A42: Ancillary Fees | B42: =B21*'Cost Drivers'!$B$4*B32 -> 0 | C42: =(C16*'Cost Drivers'!$B$4*C32)+(C17*'Cost Drivers'!$B$4*C33) -> 0 | D42: =(D16*'Cost Drivers'!$B$4*D32)+(D17*'Cost Drivers'!$B$4*D33)+(D18*'Cost Drivers'!$B$4*D34) -> 0 | E42: =(E16*'Cost Drivers'!$B$4*E32)+(E17*'Cost Drivers'!$B$4*E33)+(E18*'Cost Drivers'!$B$4*E34)+(E19*'Cost Drivers'!$B$4*E35) -> 0 | F42: =(F16*'Cost Drivers'!$B$4*F32)+(F17*'Cost Drivers'!$B$4*F33)+(F18*'Cost Drivers'!$B$4*F34)+(F19*'Cost Drivers'!$B$4*F35)+(F20*'Cost Drivers'!$B$4*F36) -> 0
A43: Total Domestic tuition | B43: =SUM(B41:B42) -> 0 | C43: =SUM(C41:C42) -> 0 | D43: =SUM(D41:D42) -> 0 | E43: =SUM(E41:E42) -> 0 | F43: =SUM(F41:F42) -> 0
A45: International
A46: Tuition | B46: =IF($B$7="Research based",(B24*B32*$B$9),IF($B$7="Professional program",(B24*B32*$B$9))) -> 0 | C46: =IF($B$7="Research based",(C24*C32*$B$9),IF($B$7="Professional program",(C24*C32*($C$9))))+IF($B$7="Research based",(C25*C33*$B$9),IF($B$7="Professional program",(C25*C33*($C$9)))) -> 0 | D46: =IF($B$7="Research based",(D24*D32*$B$9),IF($B$7="Professional program",(D24*D32*$D$9)))+IF($B$7="Research based",(D25*D33*$B$9),IF($B$7="Professional program",(D25*D33*($D$9))))++IF($B$7="Research based",(D26*D34*$B$9),IF($B$7="Professional program",(D26*D34*($D$9)))) -> 0 | E46: =IF($B$7="Research based",(E24*E32*$B$9),IF($B$7="Professional program",(E24*E32*$E$9)))+IF($B$7="Research based",(E25*E33*$B$9),IF($B$7="Professional program",(E25*E33*($E$9))))+IF($B$7="Research based",(E26*E34*$B$9),IF($B$7="Professional program",(E26*E34*($E$9))))+IF($B$7="Research based",(E27*E35*$B$9),IF($B$7="Professional program",(E27*E35*($E$9)))) -> 0 | F46: =IF($B$7="Research based",(F24*F32*$B$9),IF($B$7="Professional program",(F24*F32*$F$9)))+IF($B$7="Research based",(F25*F33*$B$9),IF($B$7="Professional program",(F25*F33*($F$9))))+IF($B$7="Research based",(F26*F34*$B$9),IF($B$7="Professional program",(F26*F34*($F$9))))+IF($B$7="Research based",(F27*F35*$B$9),IF($B$7="Professional program",(F27*F35*($F$9))))+IF($B$7="Research based",(F28*F36*$B$9),IF($B$7="Professional program",(F28*F36*($F$9)))) -> 0
A47: Ancillary Fees | B47: =(B24*'Cost Drivers'!$B$5*B32) -> 0 | C47: =(C24*'Cost Drivers'!$B$5*C32)+(C25*'Cost Drivers'!$B$5*C33) -> 0 | D47: =(D24*'Cost Drivers'!$B$5*D32)+(D25*'Cost Drivers'!$B$5*D33)+(D26*'Cost Drivers'!$B$5*D34) -> 0 | E47: =(E24*'Cost Drivers'!$B$5*E32)+(E25*'Cost Drivers'!$B$5*E33)+(E26*'Cost Drivers'!$B$5*E34)+(E27*'Cost Drivers'!$B$5*E35) -> 0 | F47: =(F24*'Cost Drivers'!$B$5*F32)+(F25*'Cost Drivers'!$B$5*F33)+(F26*'Cost Drivers'!$B$5*F34)+(F27*'Cost Drivers'!$B$5*F35)+(F28*'Cost Drivers'!$B$5*F36) -> 0
A48: Total International tuition | B48: =SUM(B46:B47) -> 0 | C48: =SUM(C46:C47) -> 0 | D48: =SUM(D46:D47) -> 0 | E48: =SUM(E46:E47) -> 0 | F48: =SUM(F46:F47) -> 0
A50: Co-op Revenue | B50: =$B$11*B21*'Cost Drivers'!$B$12 -> 0 | C50: =$B$11*C21*'Cost Drivers'!$B$12 -> 0 | D50: =$B$11*D21*'Cost Drivers'!$B$12 -> 0 | E50: =$B$11*E21*'Cost Drivers'!$B$12 -> 0 | F50: =$B$11*F21*'Cost Drivers'!$B$12 -> 0
A52: Revenue
A53: Tuition Revenue | B53: =B41+B46 -> 0 | C53: =C41+C46 -> 0 | D53: =D41+D46 -> 0 | E53: =E41+E46 -> 0 | F53: =F41+F46 -> 0
A54: Ancillary Revenue | B54: =B42+B47 -> 0 | C54: =C42+C47 -> 0 | D54: =D42+D47 -> 0 | E54: =E42+E47 -> 0 | F54: =F42+F47 -> 0
A55: Co-op Revenue | B55: =B50 -> 0 | C55: =C50 -> 0 | D55: =D50 -> 0 | E55: =E50 -> 0 | F55: =F50 -> 0
A56: Special Purpose Funding (if applicable)
A57: TOTAL REVENUE | B57: =SUM(B53:B56) -> 0 | C57: =SUM(C53:C56) -> 0 | D57: =SUM(D53:D56) -> 0 | E57: =SUM(E53:E56) -> 0 | F57: =SUM(F53:F56) -> 0
A59: PERSONNEL
A60: New Faculty Positions
A61: New Faculty Positions (Number)
A62: Base Salary per Faculty
A63: Continuing Faculty | C63: =(B61*B62)*1.035 -> 0 | D63: =(C63+(C61*C62))*1.035 -> 0 | E63: =(D63+(D61*D62))*1.035 -> 0 | F63: =(E63+(E61*E62))*1.035 -> 0
A64: Total Salary | B64: =B61*B62 -> 0 | C64: =(C61*C62)+C63 -> 0 | D64: =(D61*D62)+D63 -> 0 | E64: =(E61*E62)+E63 -> 0 | F64: =(F61*F62)+F63 -> 0
A65: Benefits | B65: =B64*'Cost Drivers'!$B$15 -> 0 | C65: =C64*'Cost Drivers'!$B$15 -> 0 | D65: =D64*'Cost Drivers'!$B$15 -> 0 | E65: =E64*'Cost Drivers'!$B$15 -> 0 | F65: =F64*'Cost Drivers'!$B$15 -> 0
A66: Total New faculty cost | B66: =B64+B65 -> 0 | C66: =C64+C65 -> 0 | D66: =D64+D65 -> 0 | E66: =E64+E65 -> 0 | F66: =F64+F65 -> 0
A67: New Ongoing Staff positions
A68: New Ongoing OSSTF staff | B68: OSSTF | C68: OSSTF | D68: OSSTF | E68: OSSTF | F68: OSSTF
A69: New Staff Positions (Number)
A70: Salary of new staff position
A71: Continuing Staff | C71: =(B69*B70)*1.029 -> 0 | D71: =(C71+(C69*C70))*1.029 -> 0 | E71: =(D71+(D69*D70))*1.029 -> 0 | F71: =(E71+(E69*E70))*1.029 -> 0
A72: Total Salary | B72: =B69*B70 -> 0 | C72: =(C69*C70)+C71 -> 0 | D72: =(D69*D70)+D71 -> 0 | E72: =(E69*E70)+E71 -> 0 | F72: =(F69*F70)+F71 -> 0
A73: Benefits | B73: =IF(B$68="OSSTF",(B72*'Cost Drivers'!$B$17),(B72*'Cost Drivers'!$B$16)) -> 0 | C73: =IF(C$68="OSSTF",(C72*'Cost Drivers'!$B$17),(C72*'Cost Drivers'!$B$16)) -> 0 | D73: =IF(D$68="OSSTF",(D72*'Cost Drivers'!$B$17),(D72*'Cost Drivers'!$B$16)) -> 0 | E73: =IF(E$68="OSSTF",(E72*'Cost Drivers'!$B$17),(E72*'Cost Drivers'!$B$16)) -> 0 | F73: =IF(F$68="OSSTF",(F72*'Cost Drivers'!$B$17),(F72*'Cost Drivers'!$B$16)) -> 0
A74: Total New OSSTF Staff cost | B74: =B72+B73 -> 0 | C74: =C72+C73 -> 0 | D74: =D72+D73 -> 0 | E74: =E72+E73 -> 0 | F74: =F72+F73 -> 0
A75: New Ongoing Other staff
A76: New Staff Positions (Number)
A77: Salary of new staff position
A78: Continuing Staff | C78: =(B76*B77)*1.01 -> 0 | D78: =(C78+(C76*C77))*1.01 -> 0 | E78: =(D78+(D76*D77))*1.01 -> 0 | F78: =(E78+(E76*E77))*1.01 -> 0
A79: Total Salary | B79: =B76*B77 -> 0 | C79: =(C76*C77)+C78 -> 0 | D79: =(D76*D77)+D78 -> 0 | E79: =(E76*E77)+E78 -> 0 | F79: =(F76*F77)+F78 -> 0
A80: Benefits | B80: =B79*'Cost Drivers'!$B$16 -> 0 | C80: =C79*'Cost Drivers'!$B$16 -> 0 | D80: =D79*'Cost Drivers'!$B$16 -> 0 | E80: =E79*'Cost Drivers'!$B$16 -> 0 | F80: =F79*'Cost Drivers'!$B$16 -> 0
A81: Total New Other Staff cost | B81: =B79+B80 -> 0 | C81: =C79+C80 -> 0 | D81: =D79+D80 -> 0 | E81: =E79+E80 -> 0 | F81: =F79+F80 -> 0
A82: Part-time Teaching costs
A83: # BUFA overload contracts (per credit)
A84: BUFA Overlod salary | B84: =B83*'Cost Drivers'!B$23 -> 0 | C84: =C83*'Cost Drivers'!C$23 -> 0 | D84: =D83*'Cost Drivers'!D$23 -> 0 | E84: =E83*'Cost Drivers'!E$23 -> 0 | F84: =F83*'Cost Drivers'!F$23 -> 0
A85: # of Non-union instructors (per credit)
A86: Non-union Instructor salary | B86: =B85*'Cost Drivers'!B$24 -> 0 | C86: =C85*'Cost Drivers'!C$24 -> 0 | D86: =D85*'Cost Drivers'!D$24 -> 0 | E86: =E85*'Cost Drivers'!E$24 -> 0 | F86: =F85*'Cost Drivers'!F$24 -> 0
A87: # of CUPE 4207 Unit 1 Instructors (per credit)
A88: CUPE 4207 Unit 1 Instructor salary | B88: =B87*'Cost Drivers'!B$25 -> 0 | C88: =C87*'Cost Drivers'!C$25 -> 0 | D88: =D87*'Cost Drivers'!D$25 -> 0 | E88: =E87*'Cost Drivers'!E$25 -> 0 | F88: =F87*'Cost Drivers'!F$25 -> 0
A89: # of CUPE 4207 Unit 1 TAs (per credit)
A90: CUPE 4207 Unit 1 TAs salary | B90: =B89*'Cost Drivers'!B$26 -> 0 | C90: =C89*'Cost Drivers'!C$26 -> 0 | D90: =D89*'Cost Drivers'!D$26 -> 0 | E90: =E89*'Cost Drivers'!E$26 -> 0 | F90: =F89*'Cost Drivers'!F$26 -> 0
A91: # of CUPE 4207 Unit 1 M/Gs hours
A92: CUPE 4207 Unit 1 M/Gs salary | B92: =B91*'Cost Drivers'!B27 -> 0 | C92: =C91*'Cost Drivers'!C27 -> 0 | D92: =D91*'Cost Drivers'!D27 -> 0 | E92: =E91*'Cost Drivers'!E27 -> 0 | F92: =F91*'Cost Drivers'!F27 -> 0
A93: Total Part-time teaching salaries | B93: =B84+B86+B88+B90+B92 -> 0 | C93: =C84+C86+C88+C90+C92 -> 0 | D93: =D84+D86+D88+D90+D92 -> 0 | E93: =E84+E86+E88+E90+E92 -> 0 | F93: =F84+F86+F88+F90+F92 -> 0
A94: Benefits | B94: =(B86*'Cost Drivers'!$B$19)+(('Proposed Budget - Masters'!B88+'Proposed Budget - Masters'!B90+'Proposed Budget - Masters'!B92)*'Cost Drivers'!$B$18) -> 0 | C94: =(C86*'Cost Drivers'!$B$19)+(('Proposed Budget - Masters'!C88+'Proposed Budget - Masters'!C90+'Proposed Budget - Masters'!C92)*'Cost Drivers'!$B$18) -> 0 | D94: =(D86*'Cost Drivers'!$B$19)+(('Proposed Budget - Masters'!D88+'Proposed Budget - Masters'!D90+'Proposed Budget - Masters'!D92)*'Cost Drivers'!$B$18) -> 0 | E94: =(E86*'Cost Drivers'!$B$19)+(('Proposed Budget - Masters'!E88+'Proposed Budget - Masters'!E90+'Proposed Budget - Masters'!E92)*'Cost Drivers'!$B$18) -> 0 | F94: =(F86*'Cost Drivers'!$B$19)+(('Proposed Budget - Masters'!F88+'Proposed Budget - Masters'!F90+'Proposed Budget - Masters'!F92)*'Cost Drivers'!$B$18) -> 0
A95: Total Part-Time Teaching costs | B95: =B93+B94 -> 0 | C95: =C93+C94 -> 0 | D95: =D93+D94 -> 0 | E95: =E93+E94 -> 0 | F95: =F93+F94 -> 0
A97: TOTAL PERSONNEL COSTS | B97: =B66+B74+B81+B95 -> 0 | C97: =C66+C74+C81+C95 -> 0 | D97: =D66+D74+D81+D95 -> 0 | E97: =E66+E74+E81+E95 -> 0 | F97: =F66+F74+F81+F95 -> 0
A99: OPERATING COSTS
A100: Direct program costs
A101: Equipment (new and replacement)
A102: Marketing/Adversiting
A103: Scholarships and Bursaries
A104: Materials & Supplies
A105: Other operating costs
A106: PER funding | B106: =IF(B61>0,B61*'Cost Drivers'!B34,0) -> 0 | C106: =IF((B61+C61)>0,(B61+C61)*'Cost Drivers'!C34,0) -> 0 | D106: =IF((B61+C61+D61)>0,(B61+C61+D61)*'Cost Drivers'!D34,0) -> 0 | E106: =IF((B61+C61+D61+E61)>0,(B61+C61+D61+E61)*'Cost Drivers'!E34,0) -> 0 | F106: =IF((B61+C61+D61+E61+F61)>0,(B61+C61+D61+E61+F61)*'Cost Drivers'!F34,0) -> 0
A107: Start-up Costs
A108: Total Direct program costs | B108: =SUM(B101:B107) -> 0 | C108: =SUM(C101:C107) -> 0 | D108: =SUM(D101:D107) -> 0 | E108: =SUM(E101:E107) -> 0 | F108: =SUM(F101:F107) -> 0
A109: Direct Incremental costs
A110: Incremental Co-op Costs | H110: Rationale needs to be provided here if amounts are input
A111: Incremental Library Costs | H111: Rationale needs to be provided here if amounts are input
A112: Incremental Fellowship costs domestic- Research programs | B112: =IF($B$7="Professional program",0,(B16*B32*'Cost Drivers'!B37)) -> 0 | C112: =IF($B$7="Professional program",0,(($C$16*$C$32)+($C$17*$C$33))*'Cost Drivers'!C37) -> 0 | D112: =IF($B$7="Professional program",0,(($D$16*$D$32)+($D$17*$D$33)+($D$18*$D$34))*'Cost Drivers'!D37) -> 0 | E112: =IF($B$7="Professional program",0,(($E$16*$E$32)+($E$17*$E$33)+($E$18*$E$34)+($E$19*$E$35))*'Cost Drivers'!E37) -> 0 | F112: =IF($B$7="Professional program",0,(($F$16*$F$32)+($F$17*$F$33)+($F$18*$F$34)+($F$19*$F$35)+($F$20*$F$36))*'Cost Drivers'!F37) -> 0
...

Sheet Proposed Budget - PhD
A1: Proposed Budget for Major Modifications Program & Resource Template - Graduate PhD
A2: Instructions: Inputs to be made in the blue highlighted cells
A3: Please noted only incremental/new revenue and expenses in this file
A5: Faculty: | G5: Comments (if needed)
A6: Major Modification Program:
A7: Type of program (select from list): | B7: Research based | D7: (for tuition rate)
A8: Input per term/credit domestic tuition rate | H8: Rationale for tuition rate
A9: Input per term/credit international tuition rate | C9: If a professional program a 5% tuition increase will be assumed | H9: Rationale for tuition rate
A10: Co-op Program:
A11: Co-op, if yes % of students in program:
B13: Year 1 Forecast | C13: Year 2 Forecast | D13: Year 3 Forecast | E13: Year 4 Forecast | F13: Year 5 Forecast
A14: Insert Academic Year ==>
A15: ENROLLMENT DOMESTIC (Headcount)
A16: Intake
A17: Returning Students Year 2
A18: Returning Students Year 3
A19: Returning Students Year 4
A20: Returning Students Year 5
A21: Total Enrollment | B21: =SUM(B16:B20) -> 0 | C21: =SUM(,C16:C20) -> 0 | D21: =SUM(,D16:D20) -> 0 | E21: =SUM(,E16:E20) -> 0 | F21: =SUM(,F16:F20) -> 0
A23: ENROLLMENT INTERNATIONAL (Headcount)
A24: Intake
A25: Returning Students Year 2
A26: Returning Students Year 3
A27: Returning Students Year 4
A28: Returning Students Year 5
A29: Total Enrollment | B29: =SUM(B24:B28) -> 0 | C29: =SUM(,C24:C28) -> 0 | D29: =SUM(,D24:D28) -> 0 | E29: =SUM(,E24:E28) -> 0 | F29: =SUM(,F24:F28) -> 0
A31: # of terms/credit taken per student
A32: Intake
A33: Returning Students Year 2
A34: Returning Students Year 3
A35: Returning Students Year 4
A36: Returning Students Year 5
A39: REVENUE
A40: Domestic
A41: Tuition | B41: =(B32*B21*$B$8) -> 0 | C41: =((B8*C16*C32)+(B8*C17*C33)) -> 0 | D41: =((B8*D16*D32)+(B8*D17*D33)+(B8*D18*D34)) -> 0 | E41: =((E16*B8*E32)+(B8*E17*E33)+(B8*E18*E34)) -> 0 | F41: =((B8*F16*F32)+(B8*F17*F33)+(B8*F18*F34)) -> 0
A42: Ancillary Fees | B42: =B21*'Cost Drivers'!$B$4*B32 -> 0 | C42: =(C16*'Cost Drivers'!$B$4*C32)+(C17*'Cost Drivers'!$B$4*C33) -> 0 | D42: =(D16*'Cost Drivers'!$B$4*D32)+(D17*'Cost Drivers'!$B$4*D33)+(D18*'Cost Drivers'!$B$4*D34) -> 0 | E42: =(E16*'Cost Drivers'!$B$4*E32)+(E17*'Cost Drivers'!$B$4*E33)+(E18*'Cost Drivers'!$B$4*E34)+(E19*'Cost Drivers'!$B$4*E35) -> 0 | F42: =(F16*'Cost Drivers'!$B$4*F32)+(F17*'Cost Drivers'!$B$4*F33)+(F18*'Cost Drivers'!$B$4*F34)+(F19*'Cost Drivers'!$B$4*F35)+(F20*'Cost Drivers'!$B$4*F36) -> 0
A43: Total Domestic tuition | B43: =SUM(B41:B42) -> 0 | C43: =SUM(C41:C42) -> 0 | D43: =SUM(D41:D42) -> 0 | E43: =SUM(E41:E42) -> 0 | F43: =SUM(F41:F42) -> 0
A45: International
A46: Tuition | B46: =IF($B$7="Research based",(B24*B32*$B$9),IF($B$7="Professional program",(B24*B32*$B$9))) -> 0 | C46: =IF($B$7="Research based",(C24*C32*$B$9),IF($B$7="Professional program",(C24*C32*($B$9*1.05))))+IF($B$7="Research based",(C25*C33*$B$9),IF($B$7="Professional program",(C25*C33*($B$9*1.05)))) -> 0 | D46: =IF($B$7="Research based",(D24*D32*$B$9),IF($B$7="Professional program",(D24*D32*$B$9)))+IF($B$7="Research based",(D25*D33*$B$9),IF($B$7="Professional program",(D25*D33*($B$9*1.05))))++IF($B$7="Research based",(D26*D34*$B$9),IF($B$7="Professional program",(D26*D34*($B$9*1.05)))) -> 0 | E46: =IF($B$7="Research based",(E24*E32*$B$9),IF($B$7="Professional program",(E24*E32*$B$9)))+IF($B$7="Research based",(E25*E33*$B$9),IF($B$7="Professional program",(E25*E33*($B$9*1.05))))+IF($B$7="Research based",(E26*E34*$B$9),IF($B$7="Professional program",(E26*E34*($B$9*1.05))))+IF($B$7="Research based",(E27*E35*$B$9),IF($B$7="Professional program",(E27*E35*($B$9*1.05)))) -> 0 | F46: =IF($B$7="Research based",(F24*F32*$B$9),IF($B$7="Professional program",(F24*F32*$B$9)))+IF($B$7="Research based",(F25*F33*$B$9),IF($B$7="Professional program",(F25*F33*($B$9*1.05))))+IF($B$7="Research based",(F26*F34*$B$9),IF($B$7="Professional program",(F26*F34*($B$9*1.05))))+IF($B$7="Research based",(F27*F35*$B$9),IF($B$7="Professional program",(F27*F35*($B$9*1.05))))+IF($B$7="Research based",(F28*F36*$B$9),IF($B$7="Professional program",(F28*F36*($B$9*1.05)))) -> 0
A47: Ancillary Fees | B47: =(B24*'Cost Drivers'!$B$5*B32) -> 0 | C47: =(C24*'Cost Drivers'!$B$5*C32)+(C25*'Cost Drivers'!$B$5*C33) -> 0 | D47: =(D24*'Cost Drivers'!$B$5*D32)+(D25*'Cost Drivers'!$B$5*D33)+(D26*'Cost Drivers'!$B$5*D34) -> 0 | E47: =(E24*'Cost Drivers'!$B$5*E32)+(E25*'Cost Drivers'!$B$5*E33)+(E26*'Cost Drivers'!$B$5*E34)+(E27*'Cost Drivers'!$B$5*E35) -> 0 | F47: =(F24*'Cost Drivers'!$B$5*F32)+(F25*'Cost Drivers'!$B$5*F33)+(F26*'Cost Drivers'!$B$5*F34)+(F27*'Cost Drivers'!$B$5*F35)+(F28*'Cost Drivers'!$B$5*F36) -> 0
A48: Total International tuition | B48: =SUM(B46:B47) -> 0 | C48: =SUM(C46:C47) -> 0 | D48: =SUM(D46:D47) -> 0 | E48: =SUM(E46:E47) -> 0 | F48: =SUM(F46:F47) -> 0
A50: Co-op Revenue | B50: =$B$11*B21*'Cost Drivers'!$B$12 -> 0 | C50: =$B$11*C21*'Cost Drivers'!$B$12 -> 0 | D50: =$B$11*D21*'Cost Drivers'!$B$12 -> 0 | E50: =$B$11*E21*'Cost Drivers'!$B$12 -> 0 | F50: =$B$11*F21*'Cost Drivers'!$B$12 -> 0
A52: Revenue
A53: Tuition Revenue | B53: =B41+B46 -> 0 | C53: =C41+C46 -> 0 | D53: =D41+D46 -> 0 | E53: =E41+E46 -> 0 | F53: =F41+F46 -> 0
A54: Ancillary Revenue | B54: =B42+B47 -> 0 | C54: =C42+C47 -> 0 | D54: =D42+D47 -> 0 | E54: =E42+E47 -> 0 | F54: =F42+F47 -> 0
A55: Co-op Revenue | B55: =B50 -> 0 | C55: =C50 -> 0 | D55: =D50 -> 0 | E55: =E50 -> 0 | F55: =F50 -> 0
A56: Special Purpose Funding (if applicable)
A57: TOTAL REVENUE | B57: =SUM(B53:B56) -> 0 | C57: =SUM(C53:C56) -> 0 | D57: =SUM(D53:D56) -> 0 | E57: =SUM(E53:E56) -> 0 | F57: =SUM(F53:F56) -> 0
A59: PERSONNEL
A60: New Faculty Positions
A61: New Faculty Positions (Number)
A62: Base Salary per Faculty
A63: Continuing Faculty | C63: =(B61*B62)*1.035 -> 0 | D63: =(C63+(C61*C62))*1.035 -> 0 | E63: =(D63+(D61*D62))*1.035 -> 0 | F63: =(E63+(E61*E62))*1.035 -> 0
A64: Total Salary | B64: =B61*B62 -> 0 | C64: =(C61*C62)+C63 -> 0 | D64: =(D61*D62)+D63 -> 0 | E64: =(E61*E62)+E63 -> 0 | F64: =(F61*F62)+F63 -> 0
A65: Benefits | B65: =B64*'Cost Drivers'!$B$15 -> 0 | C65: =C64*'Cost Drivers'!$B$15 -> 0 | D65: =D64*'Cost Drivers'!$B$15 -> 0 | E65: =E64*'Cost Drivers'!$B$15 -> 0 | F65: =F64*'Cost Drivers'!$B$15 -> 0
A66: Total New faculty cost | B66: =B64+B65 -> 0 | C66: =C64+C65 -> 0 | D66: =D64+D65 -> 0 | E66: =E64+E65 -> 0 | F66: =F64+F65 -> 0
A67: New Ongoing Staff positions
A68: New Ongoing OSSTF staff | B68: OSSTF | C68: OSSTF | D68: OSSTF | E68: OSSTF | F68: OSSTF
A69: New Staff Positions (Number)
A70: Salary of new staff position
A71: Continuing Staff | C71: =(B69*B70)*1.029 -> 0 | D71: =(C71+(C69*C70))*1.029 -> 0 | E71: =(D71+(D69*D70))*1.029 -> 0 | F71: =(E71+(E69*E70))*1.029 -> 0
A72: Total Salary | B72: =B69*B70 -> 0 | C72: =(C69*C70)+C71 -> 0 | D72: =(D69*D70)+D71 -> 0 | E72: =(E69*E70)+E71 -> 0 | F72: =(F69*F70)+F71 -> 0
A73: Benefits | B73: =IF(B$68="OSSTF",(B72*'Cost Drivers'!$B$17),(B72*'Cost Drivers'!$B$16)) -> 0 | C73: =IF(C$68="OSSTF",(C72*'Cost Drivers'!$B$17),(C72*'Cost Drivers'!$B$16)) -> 0 | D73: =IF(D$68="OSSTF",(D72*'Cost Drivers'!$B$17),(D72*'Cost Drivers'!$B$16)) -> 0 | E73: =IF(E$68="OSSTF",(E72*'Cost Drivers'!$B$17),(E72*'Cost Drivers'!$B$16)) -> 0 | F73: =IF(F$68="OSSTF",(F72*'Cost Drivers'!$B$17),(F72*'Cost Drivers'!$B$16)) -> 0
A74: Total New OSSTF Staff cost | B74: =B72+B73 -> 0 | C74: =C72+C73 -> 0 | D74: =D72+D73 -> 0 | E74: =E72+E73 -> 0 | F74: =F72+F73 -> 0
A75: New Ongoing Other staff
A76: New Staff Positions (Number)
A77: Salary of new staff position
A78: Continuing Staff | C78: =(B76*B77)*1.01 -> 0 | D78: =(C78+(C76*C77))*1.01 -> 0 | E78: =(D78+(D76*D77))*1.01 -> 0 | F78: =(E78+(E76*E77))*1.01 -> 0
A79: Total Salary | B79: =B76*B77 -> 0 | C79: =(C76*C77)+C78 -> 0 | D79: =(D76*D77)+D78 -> 0 | E79: =(E76*E77)+E78 -> 0 | F79: =(F76*F77)+F78 -> 0
A80: Benefits | B80: =B79*'Cost Drivers'!$B$16 -> 0 | C80: =C79*'Cost Drivers'!$B$16 -> 0 | D80: =D79*'Cost Drivers'!$B$16 -> 0 | E80: =E79*'Cost Drivers'!$B$16 -> 0 | F80: =F79*'Cost Drivers'!$B$16 -> 0
A81: Total New Other Staff cost | B81: =B79+B80 -> 0 | C81: =C79+C80 -> 0 | D81: =D79+D80 -> 0 | E81: =E79+E80 -> 0 | F81: =F79+F80 -> 0
A82: Part-time Teaching costs
A83: # BUFA overload contracts (per credit)
A84: BUFA Overlod salary | B84: =B83*'Cost Drivers'!B$23 -> 0 | C84: =C83*'Cost Drivers'!C$23 -> 0 | D84: =D83*'Cost Drivers'!D$23 -> 0 | E84: =E83*'Cost Drivers'!E$23 -> 0 | F84: =F83*'Cost Drivers'!F$23 -> 0
A85: # of Non-union instructors (per credit)
A86: Non-union Instructor salary | B86: =B85*'Cost Drivers'!B$24 -> 0 | C86: =C85*'Cost Drivers'!C$24 -> 0 | D86: =D85*'Cost Drivers'!D$24 -> 0 | E86: =E85*'Cost Drivers'!E$24 -> 0 | F86: =F85*'Cost Drivers'!F$24 -> 0
A87: # of CUPE 4207 Unit 1 Instructors (per credit)
A88: CUPE 4207 Unit 1 Instructor salary | B88: =B87*'Cost Drivers'!B$25 -> 0 | C88: =C87*'Cost Drivers'!C$25 -> 0 | D88: =D87*'Cost Drivers'!D$25 -> 0 | E88: =E87*'Cost Drivers'!E$25 -> 0 | F88: =F87*'Cost Drivers'!F$25 -> 0
A89: # of CUPE 4207 Unit 1 TAs (per credit)
A90: CUPE 4207 Unit 1 TAs salary | B90: =B89*'Cost Drivers'!B$26 -> 0 | C90: =C89*'Cost Drivers'!C$26 -> 0 | D90: =D89*'Cost Drivers'!D$26 -> 0 | E90: =E89*'Cost Drivers'!E$26 -> 0 | F90: =F89*'Cost Drivers'!F$26 -> 0
A91: # of CUPE 4207 Unit 1 M/Gs hours
A92: CUPE 4207 Unit 1 M/Gs salary | B92: =B91*'Cost Drivers'!B27 -> 0 | C92: =C91*'Cost Drivers'!C27 -> 0 | D92: =D91*'Cost Drivers'!D27 -> 0 | E92: =E91*'Cost Drivers'!E27 -> 0 | F92: =F91*'Cost Drivers'!F27 -> 0
A93: Total Part-time teaching salaries | B93: =B84+B86+B88+B90+B92 -> 0 | C93: =C84+C86+C88+C90+C92 -> 0 | D93: =D84+D86+D88+D90+D92 -> 0 | E93: =E84+E86+E88+E90+E92 -> 0 | F93: =F84+F86+F88+F90+F92 -> 0
A94: Benefits | B94: =(B86*'Cost Drivers'!$B$19)+(('Proposed Budget - PhD'!B88+'Proposed Budget - PhD'!B90+'Proposed Budget - PhD'!B92)*'Cost Drivers'!$B$18) -> 0 | C94: =(C86*'Cost Drivers'!$B$19)+(('Proposed Budget - PhD'!C88+'Proposed Budget - PhD'!C90+'Proposed Budget - PhD'!C92)*'Cost Drivers'!$B$18) -> 0 | D94: =(D86*'Cost Drivers'!$B$19)+(('Proposed Budget - PhD'!D88+'Proposed Budget - PhD'!D90+'Proposed Budget - PhD'!D92)*'Cost Drivers'!$B$18) -> 0 | E94: =(E86*'Cost Drivers'!$B$19)+(('Proposed Budget - PhD'!E88+'Proposed Budget - PhD'!E90+'Proposed Budget - PhD'!E92)*'Cost Drivers'!$B$18) -> 0 | F94: =(F86*'Cost Drivers'!$B$19)+(('Proposed Budget - PhD'!F88+'Proposed Budget - PhD'!F90+'Proposed Budget - PhD'!F92)*'Cost Drivers'!$B$18) -> 0
A95: Total Part-Time Teaching costs | B95: =B93+B94 -> 0 | C95: =C93+C94 -> 0 | D95: =D93+D94 -> 0 | E95: =E93+E94 -> 0 | F95: =F93+F94 -> 0
A97: TOTAL PERSONNEL COSTS | B97: =B66+B74+B81+B95 -> 0 | C97: =C66+C74+C81+C95 -> 0 | D97: =D66+D74+D81+D95 -> 0 | E97: =E66+E74+E81+E95 -> 0 | F97: =F66+F74+F81+F95 -> 0
A99: OPERATING COSTS
A100: Direct program costs
A101: Equipment (new and replacement)
A102: Marketing/Adversiting
A103: Scholarships and Bursaries
A104: Materials & Supplies
A105: Other operating costs
A106: PER funding | B106: =IF(B61>0,B61*'Cost Drivers'!B34,0) -> 0 | C106: =IF((B61+C61)>0,(B61+C61)*'Cost Drivers'!C34,0) -> 0 | D106: =IF((B61+C61+D61)>0,(B61+C61+D61)*'Cost Drivers'!D34,0) -> 0 | E106: =IF((B61+C61+D61+E61)>0,(B61+C61+D61+E61)*'Cost Drivers'!E34,0) -> 0 | F106: =IF((B61+C61+D61+E61+F61)>0,(B61+C61+D61+E61+F61)*'Cost Drivers'!F34,0) -> 0
A107: Start-up Costs
A108: Total Direct program costs | B108: =SUM(B101:B107) -> 0 | C108: =SUM(C101:C107) -> 0 | D108: =SUM(D101:D107) -> 0 | E108: =SUM(E101:E107) -> 0 | F108: =SUM(F101:F107) -> 0
A109: Direct Incremental costs
A110: Incremental Co-op Costs | H110: Rationale needs to be provided here if amounts are input
A111: Incremental Library Costs | H111: Rationale needs to be provided here if amounts are input
A112: Incremental Fellowship costs domestic- Research programs | B112: =IF($B$7="Professional program",0,(B16*B32*'Cost Drivers'!B39)) -> 0 | C112: =IF($B$7="Professional program",0,(($C$16*$C$32)+($C$17*$C$33))*'Cost Drivers'!C39) -> 0 | D112: =IF($B$7="Professional program",0,(($D$16*$D$32)+($D$17*$D$33)+($D18*$D$34))*'Cost Drivers'!D39) -> 0 | E112: =IF($B$7="Professional program",0,(($E$16*$E$32)+($E$17*$E$33)+($E$18*$E$34)+($E$19*$E$35))*'Cost Drivers'!E39) -> 0 | F112: =IF($B$7="Professional program",0,(($F$16*$F$32)+($F$17*$F$33)+($F$18*$F$34)+($F$19*$F$35)+($F$20*$F$36))*'Cost Drivers'!F39) -> 0
...

Sheet Cost Drivers
A1: Base Year | B1: 2025-26
A3: Ancillary Fee (estimate)
A4: Domestic - Per term fee | B4: 131.8
A5: International - Per term fee | B5: 131.8
A7: Co-op Fees
A8: Admin Fee | B8: 891.16
A9: Pre-Employment training (0N90) | B9: 863.31
A10: Job Search Fee | B10: 300
A11: Work term fee | B11: =B9 -> 863.31
B12: =SUM(B8:B11) -> 2917.78
A14: Benefit rates - based on year | B14: 2025-26
A15: BUFA | B15: 0.209
A16: Admin/Professional | B16: 0.2697
A17: OSSTF | B17: 0.3134
A18: CUPE 4207 unit 1 | B18: 0.114015
A19: Non-Union Instructor | B19: 0.14
A20: BUFA Overload | B20: 0
A22: Part-Time Teaching rates (use graduate complete rates for budget) - base year 2023-24 | B22: Year 1 | C22: Year 2 | D22: Year 3 | E22: Year 4 | F22: Year 5
A23: BUFA overload | B23: 15762 | C23: 15762 | D23: 15762 | E23: 15762 | F23: 15762 | G23: per credit
A24: Non-Union Instructor | B24: 14186.24 | C24: 14186.24 | D24: 14186.24 | E24: 14186.24 | F24: 14186.24 | G24: per credit
A25: CUPE 4207 Unit 1 Instructor | B25: 15539.86 | C25: 15539.86 | D25: 15539.86 | E25: 15539.86 | F25: 15539.86 | G25: per credit
A26: CUPE 4207 Unit 1 TA | B26: 4600.79 | C26: 4600.79 | D26: 4600.79 | E26: 4600.79 | F26: 4600.79 | G26: per credit/120 hours
A27: CUPE 4207 Unit 1 Marker/Grader | B27: 37.68 | C27: 37.68 | D27: 37.68 | E27: 37.68 | F27: 37.68 | G27: per hour
A28: Stipend Transfer | B28: =B23 -> 15762 | C28: =C23 -> 15762 | D28: =D23 -> 15762 | E28: =E23 -> 15762 | F28: =F23 -> 15762 | G28: per credit
A30: Research based
A31: Professional program
B33: Year 1 | C33: Year 2 | D33: Year 3 | E33: Year 4 | F33: Year 5
A34: PER amount | B34: 2500 | C34: 2500 | D34: 2500 | E34: 2500 | F34: 2500
A36: Scholarship per term amounts
A37: Scholarships - Masters, Domestic ($8,500/yr) | B37: =8500/3 -> 2833.3333 | C37: =8500/3 -> 2833.3333 | D37: =8500/3 -> 2833.3333 | E37: =8500/3 -> 2833.3333 | F37: =8500/3 -> 2833.3333
A38: Scholarships - Masters, International ($15,500/yr) | B38: =15500/3 -> 5166.6667 | C38: =15500/3 -> 5166.6667 | D38: =15500/3 -> 5166.6667 | E38: =15500/3 -> 5166.6667 | F38: =15500/3 -> 5166.6667
A39: Scholarships - PhD, Domestic ($14,000/yr) | B39: 4667 | C39: 4667 | D39: 4667 | E39: 4667 | F39: 4667
A40: Scholarships - PhD, International ($20,500/yr) | B40: =20500/3 -> 6833.3333 | C40: =20500/3 -> 6833.3333 | D40: =20500/3 -> 6833.3333 | E40: =20500/3 -> 6833.3333 | F40: =20500/3 -> 6833.3333
A42: Masters
A43: PhD
A44: Both Master/PhD
A46: Yes
A47: No
